Map: Port Aleksander LE

Players

MCanning

  • Race: Protoss Protoss
  • Spawn Location: 11:00

puCK (Nina) - Winner!

  • Race: Protoss Protoss
  • League: Grandmaster
  • Spawn Location: 5:00

Event: 2019 WCS Winter Americas

VOD

Have the link to the VOD?

Description

Time

  • Played on: Feb. 16, 2019, 2:40 p.m.
  • Length: 10:21

All games in this series

Show
View Real Time Build Order
Export as new Build Order

MCanning Protoss 

Build Orders: Blink Stalkers 

Get SALT Encoding   

  12  0:00  Probe  
  13  0:12  Probe  
  14  0:18  Pylon  
  14  0:24  Probe  
  15  0:33  Probe  
  15  0:38  Gateway  
  15  0:42  Probe  
  16  0:48  Assimilator  
  17  0:50  Probe  
  18  0:57  Assimilator  
  18  0:59  Probe  
  19  1:07  Probe  
  20  1:14  Gateway  
  20  1:17  Probe  
  21  1:28  Cybernetics Core  
  21  1:32  Probe  
  22  1:39  Pylon  
  22  1:44  Probe  
  23  1:57  Probe  
  24  2:02  Warp Gate  
  24  2:05  Stalker, Sentry  
  28  2:13  Probe  
  29  2:15  Pylon  
  29  2:27  Pylon  
  29  2:37  Sentry  
  31  2:45  Nexus  
  31  2:48  Sentry  
  33  2:59  Twilight Council  
  33  3:08  Probe  
  33  3:12  Pylon  
  34  3:16  Probe  
  34  3:24  Probe  
  34  3:25  Pylon  
  34  3:26  Blink  
  36  3:34  Probe  
  36  3:39  Shield Battery  
  37  3:47  Probe  
  38  3:58  Stalker x2  
  38  3:59  Probe  
  44  4:09  Shield Battery  
  42  4:16  Shield Battery  
  41  4:23  Dark Shrine  
  41  4:31  Shield Battery  
  41  4:32  Robotics Facility  
  41  4:34  Shield Battery  
  41  4:39  Pylon  
  41  4:51  Pylon  
  41  4:52  Adept x2  
  45  5:11  Gateway  
  45  5:13  Stalker x2  
  49  5:29  Robotics Bay  
  49  5:41  Observer  
  49  5:46  Stalker, Gateway  
  49  5:54  Probe  
  50  5:57  Observer  
  48  6:05  Stalker  
  48  6:06  Disruptor  
  48  6:08  Probe  
  54  6:22  Stalker  
  54  6:23  Probe  
  57  6:38  Nexus  
  57  6:40  Pylon  
  57  6:44  Disruptor  
  60  6:56  Zealot  
  60  6:59  Gateway  
  62  7:04  Probe  
  63  7:14  Pylon  
  63  7:16  Probe  
  63  7:18  Disruptor  
  64  7:28  Probe  
  68  7:36  Gateway  
  68  7:40  Probe  
  68  7:43  Immortal  
  69  7:51  Zealot  
  69  7:52  Probe  
  69  7:56  Adept x2  
  74  8:08  Shield Battery  
  74  8:12  Shield Battery  
  74  8:17  Immortal  
  78  8:33  Stalker x2  
  80  8:41  Stalker  
  75  8:50  Stalker x2  
  75  9:06  Disruptor  
  75  9:07  Stalker  
  75  9:08  Stalker  
  61  9:32  Stalker  
  63  9:43  Disruptor  
  59  9:58  Stalker  
Show
View Real Time Build Order
Export as new Build Order

puCK Protoss - Winner!

Build Orders: Phoenix Opening 

Get SALT Encoding   

  12  0:00  Probe  
  13  0:12  Probe  
  14  0:18  Pylon  
  14  0:25  Probe  
  15  0:33  Probe  
  15  0:38  Gateway  
  15  0:41  Probe  
  16  0:48  Assimilator  
  17  0:51  Probe  
  18  0:57  Assimilator  
  18  1:00  Probe  
  19  1:08  Probe  
  19  1:13  Gateway  
  19  1:18  Probe  
  21  1:27  Cybernetics Core  
  21  1:30  Probe  
  22  1:40  Pylon  
  22  1:42  Probe  
  23  1:58  Probe  
  24  2:03  Stalker, Warp Gate, Sentry  
  28  2:10  Probe  
  28  2:12  Pylon  
  29  2:23  Probe  
  30  2:31  Stalker  
  30  2:33  Stalker  
  34  2:41  Gateway  
  34  2:44  Phoenix  
  34  2:51  Robotics Facility  
  34  3:03  Stalker  
  34  3:05  Stalker  
  38  3:12  Pylon  
  38  3:28  Warp Prism  
  38  3:40  Pylon  
  40  3:53  Sentry x3  
  46  3:57  Pylon  
  46  4:16  Stalker  
  48  4:18  Stalker  
  48  4:21  Stalker  
  52  4:36  Nexus  
  53  4:45  Observer  
  53  4:49  Probe  
  54  4:58  Pylon  
  54  5:02  Stalker x2  
  58  5:21  Probe  
  59  5:22  Twilight Council  
  59  5:23  Adept  
  59  5:27  Adept  
  63  5:33  Blink  
  63  5:39  Observer  
  63  5:40  Probe  
  65  5:52  Observer, Gateway  
  64  5:58  Phoenix  
  64  6:00  Probe  
  64  6:07  Probe  
  65  6:18  Probe  
  65  6:20  Immortal  
  70  6:26  Probe  
  70  6:28  Stalker  
  70  6:30  Stalker  
  70  6:31  Probe  
  76  6:38  Probe  
  77  6:43  Probe, Shield Battery  
  78  6:54  Pylon  
  78  6:57  Shield Battery  
  78  7:08  Pylon  
  78  7:18  Stalker x3  
  84  7:25  Pylon  
  84  7:29  Probe x2  
  86  7:36  Stalker  
  88  7:43  Probe, Adept  
  90  7:46  Pylon  
  90  7:53  Stalker x2  
  94  8:08  Stalker x2  
  98  8:18  Stalker x2  
  102  8:45  Pylon  
  90  8:49  Stalker x4  
  96  9:12  Stalker x3  
  88  9:25  Probe  
  88  9:26  Probe  
  88  9:27  Stalker  
  88  9:29  Gateway  
  88  9:30  Gateway  
  92  9:32  Assimilator  
  92  9:34  Assimilator  
  92  9:38  Stalker x2, Probe  
  93  9:39  Zealot  
  93  9:40  Probe  
  88  9:52  Stalker  
  80  10:03  Probe x2  
  80  10:18  Stalker x4  
Tags
 
Add a new tag
Caveats
  • Supply blocks, unpowered buildings, or Contaminate may cause inaccurate times.
  • Supply counts are checked every 10 seconds.